 Dungeon Crawl Stone Soup version 0.29.0-4-gdea44cf6ec (webtiles) character file.

Game seed: 911888265052623786

95 qw the Chopper (level 4, -5/26 HPs)
             Began as a Tengu Warper on Aug 28, 2022.
             Slain by a gnoll
             ... wielding a +0 halberd
              (10 damage)
             ... on level 2 of the Dungeon.
             The game lasted 00:00:16 (2249 turns).

qw the Chopper (Tengu Warper)                       Turns: 2249, Time: 00:00:16

Health: -5/26      AC:  3    Str: 13    XL:     4   Next: 66%
Magic:  8/8        EV: 12    Int: 14    God:
Gold:   95         SH:  0    Dex: 13    Spells: 7/7 levels left

rFire   . . .      SeeInvis .   Y - +0 hand axe
rCold   . . .      Faith    .   (no shield)
rNeg    . . .      Spirit   .   b - +0 leather armour
rPois   .          Reflect  .   (helmet restricted)
rElec   .          Harm     .   (no cloak)
rCorr   .          Rampage  .   (no gloves)
Will    .....                   (boots unavailable)
Stlth   +.........              (no amulet)
HPRegen 0.08/turn               (no ring)
MPRegen 0.11/turn               (no ring)

@: about to teleport
A: beak, talons 3
a: no special abilities


You were on level 2 of the Dungeon.
You visited 1 branch of the dungeon, and saw 2 of its levels.

You collected 95 gold pieces.


Innate Abilities, Weirdness & Mutations

You have a beak for a mouth.
You have claws for feet.


   Skills:
 - Level 2.0 Fighting
 + Level 5.2 Axes
 - Level 1.0 Throwing
 - Level 1.1 Armour
 - Level 2.1 Dodging
 - Level 2.0 Spellcasting
 - Level 2.4 Translocations


You had 7 spell levels left.
You didn't know any spells.
Your spell library contained the following spells:

 Spells                   Type           Power      Damage    Failure   Level
 Blink                    Tloc           16%        N/A       17%         2
 Gell's Gravitas          Tloc           8%         N/A       34%         3
 Lesser Beckoning         Tloc           8%         N/A       34%         3
 Teleport Other           Tloc           8%         N/A       34%         3
 Manifold Assault         Tloc           8%         N/A       97%         5

Inventory:

Hand Weapons
 k - a +0 whip
 Y - a +0 hand axe (weapon)
Armour
 b - a +0 leather armour (worn)
 j - a +2 cloak
Scrolls
 a - a scroll of identify
 f - a scroll of fear {unknown}
 h - a scroll of enchant weapon {unknown}
Potions
 c - a potion of magic {unknown}
 e - a potion of degeneration {unknown}
 g - a potion of might {unknown}
 i - a potion of resistance {unknown}
 l - 2 potions of lignification {unknown}

Dungeon Overview and Level Annotations

Branches:
Dungeon (2/15)

Altars:
Ru


Message History

You kill the goblin!
You see here a +0 dagger.
j - a +2 cloak You now have 95 gold pieces (gained 14).
l - 2 metallic blue potions An adder comes into view.
The adder hisses angrily.
You hit the adder. Your kick misses the adder.
The adder is moderately wounded.
The adder closely misses you. The adder bites you but does no damage.
You miss the adder. Your kick misses the adder.
The adder is moderately wounded.
The adder closely misses you.
You hit the adder. You claw the adder.
You kill the adder!
You open the door.
A gnoll and 2 jackals come into view.
The gnoll shouts!
The jackal barks!
You hit the jackal. You claw the jackal.
You kill the jackal!
You hit the bush but do no damage. x2
The gnoll closely misses you. The jackal barely misses you.
There is an open door, spattered with blood here.
You barely miss the gnoll. You claw the gnoll, but do no damage.
You barely miss the jackal. You hit the bush but do no damage. x2
The gnoll misses you. The jackal bites you.
The gnoll hits you with a +0 halberd!
Ouch! That really hurt!
You hit the gnoll. Your kick misses the gnoll.
The gnoll is moderately wounded.
You hit the bush but do no damage. x2; You hit the jackal.
The jackal bites you but does no damage.
The jackal bites you. The gnoll hits you with a +0 halberd.
2249 ||| READING scroll of teleportation.
As you read the scroll of teleportation, it crumbles to dust.
You feel strangely unstable.
The jackal bites you but does no damage.
The gnoll hits you with a +0 halberd!
You die...

....##......##.......###.########
.....................##...#
....#####...##........#<..# ....#
######............# ....#
#######.#....# ##### +...####...#
#...# ##...# +gh.# #..###
####@#####.## #..P.P..#..#
#.......#.## ####......# ########


You could see a gnoll and a jackal.

Vanquished Creatures
  3 adders (D:2)
  3 worms (D:2)
  3 dart slugs (D:1)
  5 ball pythons
  8 endoplasms
  6 goblins
  4 hobgoblins
  A jackal (D:2)
  6 kobolds
  A quokka (D:1)
  5 bats
  A frilled lizard (D:2)
  5 rats
51 creatures vanquished.

Notes
Turn   | Place    | Note
-------+----------+-------------------------------------------
     0 | D:1      | qw the Tengu Warper began the quest for the Orb.
     0 | D:1      | Reached XP level 1. HP: 12/12 MP: 4/4
     0 | D:1      | 0 ||| qw: Version: 0.1-a-89-g26bdef1
     0 | D:1      | 0 ||| qw: Game counter: 3152
     0 | D:1      | 0 ||| qw: Always use a shield: true
     0 | D:1      | 0 ||| qw: God list: Okawaru
     0 | D:1      | 0 ||| qw: Allow faded altars: false
     0 | D:1      | 0 ||| qw: Do Orc after D:15 true
     0 | D:1      | 0 ||| qw: Do second Lair branch before Depths: true
     0 | D:1      | 0 ||| qw: Lair rune preference: random
     0 | D:1      | 0 ||| qw: Plans: Normal
     0 | D:1      | 0 ||| PLANNING D:1-11
    46 | D:1      | 46 ||| Stepping ~*~*~tactically~*~*~ (stealth).
   183 | D:1      | Reached skill level 3 in Axes
   183 | D:1      | Reached XP level 2. HP: 17/17 MP: 6/6
   299 | D:1      | 299 ||| Stepping ~*~*~tactically~*~*~ (hiding).
   300 | D:1      | 300 ||| Stepping ~*~*~tactically~*~*~ (hiding).
   361 | D:1      | Found a faded altar of an unknown god.
   573 | D:1      | Reached XP level 3. HP: 18/21 MP: 7/7
   784 | D:1      | Reached skill level 4 in Axes
   881 | D:1      | 881 ||| DROPPING +0 club.
  1039 | D:1      | 1039 ||| READING scroll labelled AZI ELIGIWALY.
  1040 | D:1      | 1040 ||| READING scroll labelled KAL REYTUXOCHE.
  1041 | D:1      | 1041 ||| READING 3 scrolls labelled NOLAVUMINA.
  1042 | D:1      | 1042 ||| READING scroll labelled HEGIDI TOISUAPT.
  1160 | D:1      | 1160 ||| DRINKING 2 red potions.
  1161 | D:1      | 1161 ||| DROPPING scroll of blinking.
  1162 | D:1      | 1162 ||| DROPPING 2 scrolls of amnesia.
  1163 | D:1      | 1163 ||| DROPPING potion of invisibility.
  1265 | D:2      | 1265 ||| Stepping ~*~*~tactically~*~*~ (stealth).
  1267 | D:2      | 1267 ||| FLEEEEING.
  1268 | D:2      | 1268 ||| FLEEEEING.
  1269 | D:2      | 1269 ||| FLEEEEING.
  1270 | D:2      | 1270 ||| FLEEEEING.
  1277 | D:2      | 1277 ||| FLEEEEING.
  1278 | D:2      | 1278 ||| FLEEEEING.
  1279 | D:2      | 1279 ||| FLEEEEING.
  1280 | D:2      | 1280 ||| FLEEEEING.
  1281 | D:2      | 1281 ||| FLEEEEING.
  1282 | D:2      | 1282 ||| FLEEEEING.
  1283 | D:2      | 1283 ||| FLEEEEING.
  1284 | D:2      | 1284 ||| FLEEEEING.
  1285 | D:2      | 1285 ||| FLEEEEING.
  1286 | D:2      | 1286 ||| FLEEEEING.
  1287 | D:2      | 1287 ||| FLEEEEING.
  1288 | D:2      | 1288 ||| STAIRDANCE
  1326 | D:2      | 1326 ||| STAIRDANCE
  1566 | D:2      | Reached XP level 4. HP: 26/26 MP: 8/8
  1658 | D:2      | 1658 ||| FLEEEEING.
  1659 | D:2      | 1659 ||| FLEEEEING.
  1660 | D:2      | 1660 ||| FLEEEEING.
  1661 | D:2      | 1661 ||| FLEEEEING.
  1662 | D:2      | 1662 ||| FLEEEEING.
  1662 | D:2      | Found a sacrificial altar of Ru.
  1663 | D:2      | 1663 ||| FLEEEEING.
  1664 | D:2      | 1664 ||| FLEEEEING.
  1665 | D:2      | 1665 ||| FLEEEEING.
  1666 | D:2      | 1666 ||| FLEEEEING.
  1667 | D:2      | 1667 ||| FLEEEEING.
  1668 | D:2      | 1668 ||| FLEEEEING.
  1669 | D:2      | 1669 ||| FLEEEEING.
  1670 | D:2      | 1670 ||| FLEEEEING.
  1671 | D:2      | 1671 ||| FLEEEEING.
  1672 | D:2      | 1672 ||| FLEEEEING.
  1673 | D:2      | 1673 ||| FLEEEEING.
  1674 | D:2      | 1674 ||| FLEEEEING.
  1675 | D:2      | 1675 ||| STAIRDANCE
  1704 | D:1      | 1704 ||| READING 2 scrolls labelled PIDDIS JIAH.
  1705 | D:1      | 1705 ||| READING 2 scrolls labelled HUUMABLAMM.
  1709 | D:1      | 1709 ||| READING scroll labelled KAZIDU XIEZAL.
  1839 | D:2      | 1839 ||| Stepping ~*~*~tactically~*~*~ (stealth).
  1842 | D:2      | 1842 ||| Stepping ~*~*~tactically~*~*~ (stealth).
  1845 | D:2      | 1845 ||| Stepping ~*~*~tactically~*~*~ (stealth).
  2108 | D:2      | Reached skill level 5 in Axes
  2114 | D:2      | 2114 ||| Stepping ~*~*~tactically~*~*~ (stealth).
  2115 | D:2      | 2115 ||| Stepping ~*~*~tactically~*~*~ (stealth).
  2127 | D:2      | 2127 ||| Stepping ~*~*~tactically~*~*~ (stealth).
  2133 | D:2      | 2133 ||| Stepping ~*~*~tactically~*~*~ (stealth).
  2135 | D:2      | 2135 ||| Stepping ~*~*~tactically~*~*~ (stealth).
  2137 | D:2      | 2137 ||| Stepping ~*~*~tactically~*~*~ (stealth).
  2139 | D:2      | 2139 ||| Stepping ~*~*~tactically~*~*~ (stealth).
  2141 | D:2      | 2141 ||| Stepping ~*~*~tactically~*~*~ (stealth).
  2143 | D:2      | 2143 ||| Stepping ~*~*~tactically~*~*~ (stealth).
  2145 | D:2      | 2145 ||| Stepping ~*~*~tactically~*~*~ (stealth).
  2147 | D:2      | 2147 ||| Stepping ~*~*~tactically~*~*~ (stealth).
  2149 | D:2      | 2149 ||| Stepping ~*~*~tactically~*~*~ (stealth).
  2151 | D:2      | 2151 ||| Stepping ~*~*~tactically~*~*~ (stealth).
  2153 | D:2      | 2153 ||| Stepping ~*~*~tactically~*~*~ (stealth).
  2155 | D:2      | 2155 ||| Stepping ~*~*~tactically~*~*~ (stealth).
  2157 | D:2      | 2157 ||| Stepping ~*~*~tactically~*~*~ (stealth).
  2159 | D:2      | 2159 ||| Stepping ~*~*~tactically~*~*~ (stealth).
  2161 | D:2      | 2161 ||| Stepping ~*~*~tactically~*~*~ (stealth).
  2248 | D:2      | HP: 5/26 [gnoll/+0 halberd (4)]
  2249 | D:2      | 2249 ||| READING scroll of teleportation.
  2249 | D:2      | Slain by a gnoll

Levels and vault maps discovered:
D:1:      nagdon_arrival_zigzag_paths, layout_basic, basic_ecumenical_altar
D:2:      minmay_inner_zag, layout_rooms, basic_altar, dk_noncrumbling_4,
          cheibrodos_gnoll_hut

Skill      XL: |  1  2  3  4 |
---------------+-------------+-----
Axes           | 3 4 5 |  5.2
Fighting       | |  2.0
Throwing       | |  1.0
Armour         | |  1.1
Dodging        | |  2.1
Spellcasting   | |  2.0
Translocations | |  2.4

Action                   |  1- 3 |  4- 6 || total
-------------------------+-------+-------++-------
Melee: Hand axe          |    73 |    36 ||   109
       Kick              |    26 |     9 ||    35
       Peck              |     9 |     6 ||    15
Throw: Boomerang         |     7 |       ||     7
  Use: Scroll            |     4 |     4 ||     8
       Potion            |     1 |       ||     1
Armor: Leather armour    |    13 |    10 ||    23
Dodge: Dodged            |    31 |    17 ||    48

Table legend:
 A = Non-vault XP
 B = Vault XP
 C = Vault XP percentage of total XP
 D = Non-vault monster count
 E = Vault monster count
 F = Vault count percentage of total count
                 A         B        C        D         E       F
            +---------+---------+-------+---------+---------+-------
      Total |     108 |      29 |  21.2 |      43 |       8 |  15.7
            +---------+---------+-------+---------+---------+-------
        D:1 |      47 |       0 |   0.0 |      25 |       0 |   0.0
        D:2 |      61 |      29 |  32.2 |      18 |       8 |  30.8
            +---------+---------+-------+---------+---------+-------
